 Dungeon Crawl Stone Soup version 0.27-a0-1140-g099f9bb0e8 (webtiles) character file.

Game seed: 587672801973898926

239 bilbop the Magician (level 6, -2/43 HPs)
             Began as a Djinni Fire Elementalist on May 9, 2021.
             Shot with an arrow by a centaur (13 damage)
             ... on level 4 of the Dungeon.
             The game lasted 00:21:31 (3883 turns).

bilbop the Magician (Djinni Fire Elementalist)      Turns: 3883, Time: 00:21:31

Health: -2/43      AC:  4    Str:  7    XL:     6   Next: 7%
Gold:   86         EV: 11    Int: 17    God:
                   SH:  0    Dex: 15

rFire    + + .     SeeInvis +   p - +2 short sword (venom)
rCold    x . .     Faith    .   (no shield)
rNeg     + . .     Spirit   .   k - +0 leather armour
rPois    ∞         Reflect  .   r - +0 helmet
rElec    .         Harm     .   (no cloak)
rCorr    .         Rampage  .   (no gloves)
Will     .....                  (boots unavailable)
Stlth    ++........             (no amulet)
HPRegen  0.14/turn              c - ring of positive energy
MPRegen  0.00/turn              g - ring of see invisible

@: flying, very slightly contaminated
A: sickness immunity, fire resistance 2, cold vulnerability 1, float, innate
caster, hp casting, extra vitality 1
a: no special abilities


You were on level 4 of the Dungeon.
You visited 1 branch of the dungeon, and saw 4 of its levels.

You collected 86 gold pieces.

Inventory:

Hand Weapons
 f - a +0 short sword of holy wrath
 p - a +2 short sword of venom (weapon)
Armour
 a - a +0 robe
 k - a +0 leather armour (worn)
 r - a +0 helmet (worn)
Jewellery
 c - a ring of positive energy (left hand)
 g - a ring of see invisible (right hand)
Wands
 o - a wand of polymorph (11)
Scrolls
 b - 2 scrolls of fear {unknown}
 d - 3 scrolls of noise {unknown}
 i - 4 scrolls of identify {unknown}
 j - a scroll of blinking {unknown}
 l - a scroll of teleportation {unknown}
 s - a scroll of enchant armour {unknown}
Potions
 e - 3 potions of flight {unknown}
 h - 2 potions of lignification {unknown}
 m - a potion of curing {unknown}
 n - 2 potions of magic {unknown}
 q - a potion of mutation {unknown}


   Skills:
 + Level 2.3 Fighting
 + Level 0.4(0.6) Short Blades
 + Level 0.5(0.7) Long Blades
 - Level 2.1 Dodging
 + Level 2.8 Stealth
 + Level 0.6 Shields
 * Level 4.2 Spellcasting
 + Level 0.7 Invocations


You couldn't memorise any spells.
You knew the following spells:

 Your Spells              Type           Power      Damage    Failure   Level
a - Foxfire               Conj/Fire      68%        2x1d7     4%          1
b - Conjure Flame         Conj/Fire      17%        6-21      12%         3
c - Inner Flame           Hex/Fire       17%        N/A       12%         3
d - Sticky Flame          Conj/Fire      17%        2d4       38%         4
e - Fireball              Conj/Fire      8%         3d6       75%         5
f - Sting                 Tmut/Pois      68%        1d6       4%          1
g - Ensorcelled Hibernat  Hex/Ice        34%        N/A       6%          2
Your spell library was empty.

Dungeon Overview and Level Annotations

Branches:
Dungeon (4/15)
 Temple: D:4-7

Altars:

Shops:
D:1 [((=?


Innate Abilities, Weirdness & Mutations

You are immune to sickness and miasma.
You are immune to poison.
Your flesh is very heat resistant. (rF++)
You are vulnerable to cold. (rC-)
You float through the air rather than walking.
You learn spells naturally, not from books.
Your magical power is your life essence.
You have superior vitality. (+4 HP)


Message History

You conjure some foxfire!
The iguana bites you.
You hit the iguana.
The iguana is almost dead.
The foxfire hits the iguana but does no damage.
The iguana is almost dead.
The foxfire hits the iguana.
You kill the iguana!
You have reached level 6!
Your experience leads to an increase in your attributes!
Increase (S)trength, (I)ntelligence, or (D)exterity?
You feel clever.
You start resting.
A centaur comes into view.
You conjure some foxfire!
The centaur shouts!
The centaur wields a +0 shortbow.
The centaur shoots an arrow.
The arrow hits you!
The foxfire hits the centaur.
The centaur is moderately wounded.
The foxfire hits the centaur.
The centaur is heavily wounded.
You miscast Foxfire.
You are very lightly contaminated with residual magic.
Nothing appears to happen.
The centaur shoots an arrow.
The arrow barely misses you.
The centaur shoots an arrow.
The arrow barely misses you.
Casting: Foxfire (safe; 4% risk of failure)
Confirm with . or Enter, or press ? or * to list all spells.
Aiming: Ensorcelled Hibernation (safe; 6% risk of failure)
Press: ? - help, Shift-Dir - straight line, f - centaur
Aim: a centaur, wielding a +0 shortbow and quivering arrows (heavily wounded, chance to affect: 48%)
You miscast Ensorcelled Hibernation.
Nothing appears to happen.
The centaur shoots an arrow.
The arrow hits you!
* * * LOW HITPOINT WARNING * * *
Casting: Ensorcelled Hibernation (safe; 6% risk of failure)
Confirm with . or Enter, or press ? or * to list all spells.
You conjure some foxfire!
* * * LOW HITPOINT WARNING * * *
The centaur shoots an arrow.
The arrow hits you!
You die...

#.#
#.#####.###.#
..#
#...........#
.##
#####.#.#####
.# # #.# ##
#.# #.# #.#
#.#####..
#@v......
#####
#.v......
....##
#.c...####.
......
#.###.#
....#. #. ...
....# # .###
....# .#
....# ....#


You could see a centaur (ally target).

Vanquished Creatures
  A bullfrog zombie (D:2)
  A hound (D:4)
  An iguana (D:4)
  Robin (D:3)
  4 adders
  4 worms
  A dart slug (D:1)
  An orc (D:3)
  8 bats
  4 endoplasms
  3 giant cockroaches
  20 goblins
  10 hobgoblins
  6 jackals
  6 kobolds
  A quokka (D:3)
  3 ball pythons
  7 rats
82 creatures vanquished.

Vanquished Creatures (others)
  231 foxfires
231 creatures vanquished.

Grand Total: 313 creatures vanquished

Notes
Turn   | Place    | Note
-------+----------+-------------------------------------------
     0 | D:1      | bilbop the Djinni Fire Elementalist began the quest for the
                  | Orb.
     0 | D:1      | Reached XP level 1. HP: 15/15 MP: 0/0
   108 | D:1      | Reached XP level 2. HP: 18/22 MP: 0/0
   171 | D:1      | Found Cog Gir's Jewellery Boutique.
   221 | D:1      | Reached skill level 3 in Spellcasting
   361 | D:1      | Found Curphuc's Weapon Shoppe.
   411 | D:1      | Found Utaatzy's Antique Armour Shoppe.
   453 | D:1      | Reached skill level 1 in Fighting
   607 | D:1      | Found Okkaukhla's Magic Scroll Boutique.
   611 | D:1      | Reached XP level 3. HP: 27/27 MP: 0/0
   611 | D:1      | Learned a level 1 spell: Sting
  1376 | D:2      | Reached XP level 4. HP: 18/32 MP: 0/0
  2358 | D:2      | Found a faded altar of an unknown god.
  2630 | D:3      | Noticed Robin
  2635 | D:3      | Reached XP level 5. HP: 25/38 MP: 0/0
  2635 | D:3      | Learned a level 2 spell: Ensorcelled Hibernation
  3004 | D:3      | Killed Robin
  3005 | D:3      | Reached skill level 4 in Spellcasting
  3857 | D:4      | Reached XP level 6. HP: 33/43 MP: 0/0
  3883 | D:4      | Shot with an arrow by a centaur

Illustrated notes

Levels and vault maps discovered:
D:1:      dpeg_arrival_orchard, layout_loops_ring, serial_shops, shop, shop,
          shop, shop, shop_scrolls
D:2:      layout_loops_ring, chequers_ecumenical_altar_lobes, minivault_25,
          minmay_tall_x
D:3:      layout_rooms, kennysheep_minor_cross, uniq_robin
D:4:      minmay_goblin_kobold_castle, layout_loops_ring, trog_antimagical,
          minmay_manual_mares

Skill      XL: |  1  2  3  4  5 |
---------------+----------------+-----
Spellcasting   | 3 4 |  4.2
Fighting       | 1 2 |  2.3
Stealth        | 2 |  2.8
Short Blades   | |  0.4
Long Blades    | |  0.5
Dodging        | |  2.1
Shields        | |  0.6
Invocations    | |  0.7

Action                   |  1- 3 |  4- 6 || total
-------------------------+-------+-------++-------
Melee: Short sword       |     3 |    17 ||    20
 Cast: Foxfire           |    63 |    78 ||   141
       Sting             |     1 |       ||     1
       Ensorcelled Hiber |       |     1 ||     1
 Stab: Sleeping          |       |     1 ||     1
Armor: Leather armour    |     1 |     6 ||     7
       Robe              |     1 |       ||     1
Dodge: Dodged            |    10 |    19 ||    29

Table legend: (Time is in decaauts)
 A = Elapsed time spent in this place.
 B = Non-inter-level travel time spent in this place.
 C = Inter-level travel time spent in this place.
 D = Time resting spent in this place.
 E = Time spent auto-exploring this place.
 F = Levels seen in this place.
 G = Mean time per level.
                   A        B        C        D        E       F      G
               +--------+--------+--------+--------+--------+-----+--------+
         Total |   3883 |   3712 |    171 |    901 |   2345 |   4 |  970.8 |
       Dungeon |   3883 |   3712 |    171 |    901 |   2345 |   4 |  970.8 |
               +--------+--------+--------+--------+--------+-----+--------+

Top non-repeatable levels by time:
     D:2: 1584 daAuts
     D:1: 964 daAuts
     D:3: 800 daAuts
     D:4: 534 daAuts
